 Dungeon Sprint DCSS version 0.16-a0-3972-g91ea21f (webtiles) character file.

171 BluebellGnoll the Slicer (level 5, 28/30 HPs)
             Began as a Spriggan Berserker on Feb 11, 2015.
             Was a Priest of Trog.
             Quit the game in the Dungeon (Sprint IX: "|||||||||||||||||||||||||||||").
             The game lasted 00:03:06 (479 turns).

BluebellGnoll the Slicer (Spriggan Berserker)        Turns: 479, Time: 00:03:06

Health: 28/30      AC:  5    Str: 14    XL:     5   Next: 26%
Magic:  10/10      EV: 20    Int:  9    God:    Trog [***...]
Gold:   0          SH:  0    Dex: 15    Spells: 0 memorised, 4 levels left

rFire  . . .     SeeInvis +     l - +2 rapier (venom)
rCold  . . .     Clarity  .     b - +0 animal skin
rNeg   . . .     SustAb   .     (shield restricted)
rPois  .         Gourm    .     (helmet restricted)
rElec  .         Spirit   .     a - +0 cloak
rCorr  .         Warding  .     (gloves unavailable)
rMut   .         NoTele   +     (boots unavailable)
MR     ++...                    (no amulet)
Stlth  ++++......               n - +2 ring of evasion
                                m - +2 ring of protection

@: mildly poisoned (28 -> 28), exhausted, regenerating, slowed, quick, very
resistant to hostile enchantments, stealthy
A: unfitting armour, see invisible, herbivore 3, speed 3, slow metabolism 2
a: Burn Spellbooks, Berserk, Trog's Hand, Renounce Religion


You were in the Dungeon.
You worshipped Trog.
Trog was most pleased with you.
You were hungry.

You visited 1 branch

Inventory:

Hand weapons
 l - a +2 rapier of venom (weapon)
Armour
 a - a +0 cloak (worn)
 b - a +0 animal skin (worn)
Jewellery
 m - a +2 ring of protection (left hand)
 n - a +2 ring of evasion (right hand)
Magical devices
 k - a wand of draining (7)
Scrolls
 i - 2 scrolls of blinking
 j - 3 scrolls of remove curse
Potions
 d - 5 potions of curing
 e - 3 potions of heal wounds
 f - a potion of invisibility
 g - 4 potions of magic
 h - a potion of berserk rage
Comestibles
 c - a bread ration


   Skills:
 + Level 5.1 Fighting
 + Level 9.5 Short Blades
 - Level 1.3 Armour
 - Level 3.0 Dodging
 - Level 6.6 Stealth


You had 4 spell levels left.
You didn't know any spells.

Dungeon Overview and Level Annotations

Branches:
Dungeon (1/1)

Altars:
Cheibriados
Dithmenos
Elyvilon
Fedhas
Gozag
Kikubaaqudgha
Makhleb
Nemelex Xobeh
Okawaru
Qazlal
Ru
Sif Muna
Trog
Vehumet
Xom
Yredelemnul
Zin
The Shining One
Beogh
Jiyva
Lugonu


Innate Abilities, Weirdness & Mutations

You are tiny and cannot use many weapons and most armour.
You have supernaturally acute eyesight.
You are a herbivore.
You cover ground extremely quickly.
You need consume almost no food.


Message History

The water moccasin poisons you!
You miss the water moccasin.
You feel sick. The water moccasin barely misses you.
You closely miss the water moccasin.
You feel sick.
The water moccasin completely misses you. x2
The yak snorts and paws the ground.
You feel sick.
Items here: ))))))
You see here an uncursed staff of energy.
You feel sick. The water moccasin barely misses you.
You see here 2 scrolls of amnesia.
You feel sick.
There is an open door here.
There is a sacrificial altar of Ru here.
Use which ability? (? or * to list)
You can't do that.
Use which ability? (? or * to list)
You can't do that.
Unknown command.
Are you sure you want to abandon this character and quit the game? (Confirm with "yes".) ▓▓▓▓▓▓▓▓▓▓▓▓▓▓▓▓▓▓▓▓▓▓▓▓▓▓▓▓▓▓▓▓▓ Y....'.÷[[.Y|Y.S@________________ ▓▓▓▓▓▓▓▓▓▓▓▓▓▓▓▓▓▓▓▓▓▓▓▓▓▓▓▓▓▓▓▓▓

You could see a yak, a water moccasin and an ice beast.

Vanquished Creatures
  A hippogriff (D)
  A killer bee (D)
  An orc wizard (D)
  2 giant mites (D)
  An adder skeleton (D)
  A ball python (D)
  A bat (D)
  A giant cockroach (D)
  A hobgoblin (D)
  A jackal (D)
  2 rats (D)
13 creatures vanquished.

Vanquished Creatures (others)
  2 ogres (D)
2 creatures vanquished.

Grand Total: 15 creatures vanquished

Notes
Turn   | Place    | Note
--------------------------------------------------------------
     0 | D        | BluebellGnoll, the Spriggan Berserker, began the quest for the Orb.
     0 | D        | Reached XP level 1. HP: 11/11 MP: 2/2
    11 | D        | Acquired Trog's second power
    11 | D        | Reached skill level 4 in Stealth
    16 | D        | Reached skill level 6 in Stealth
    16 | D        | Reached XP level 2. HP: 16/16 MP: 4/4
    84 | D        | Noticed an orc wizard
   100 | D        | Killed an orc wizard
   100 | D        | Acquired Trog's third power
   100 | D        | Reached XP level 3. HP: 17/19 MP: 6/6
   122 | D        | Found a glowing silver altar of Zin.
   122 | D        | Found a glowing golden altar of the Shining One.
   122 | D        | Found an ancient bone altar of Kikubaaqudgha.
   122 | D        | Found a basalt altar of Yredelemnul.
   122 | D        | Found a shimmering altar of Xom.
   122 | D        | Found a radiant altar of Vehumet.
   122 | D        | Found an iron altar of Okawaru.
   123 | D        | Found a burning altar of Makhleb.
   124 | D        | Found a deep blue altar of Sif Muna.
   125 | D        | Found a bloodstained altar of Trog.
   126 | D        | Found a sparkling altar of Nemelex Xobeh.
   127 | D        | Found a white marble altar of Elyvilon.
   128 | D        | Found a roughly hewn altar of Beogh.
   129 | D        | Found a viscous altar of Jiyva.
   130 | D        | Found a corrupted altar of Lugonu.
   131 | D        | Found a blossoming altar of Fedhas.
   132 | D        | Found a snail-covered altar of Cheibriados.
   133 | D        | Found a shadowy altar of Dithmenos.
   134 | D        | Found a stormy altar of Qazlal.
   135 | D        | Found an opulent altar of Gozag.
   136 | D        | Found a sacrificial altar of Ru.
   248 | D        | Noticed an ice beast
   248 | D        | Noticed a yak
   248 | D        | Noticed a water moccasin
   248 | D        | Noticed a killer bee
   248 | D        | Noticed a hippogriff
   261 | D        | Killed a hippogriff
   261 | D        | Reached skill level 8 in Short Blades
   261 | D        | Reached XP level 4. HP: 14/26 MP: 8/8
   462 | D        | Killed a killer bee
   462 | D        | Reached skill level 5 in Fighting
   462 | D        | Reached skill level 9 in Short Blades
   462 | D        | Reached XP level 5. HP: 30/30 MP: 10/10
   479 | D        | Quit the game

Action                   |  1- 3 |  4- 6 || total
-------------------------+-------+-------++-------
Melee: Short sword       |    42 |       ||    42
       Rapier            |     1 |    15 ||    16
Invok: Berserk           |     1 |     1 ||     2
       Brothers in Arms  |     1 |     1 ||     2
       Trog's Hand       |       |     2 ||     2
  Use: Potion            |     1 |       ||     1
 Stab: Sleeping          |     1 |       ||     1
